 Dungeon Crawl Stone Soup version 0.21.1-1-g345015f (webtiles) character file.

315 inc the Skirmisher (level 6, -8/55 HPs)
             Began as a Merfolk Transmuter on June 16, 2018.
             Killed by nerve-wracking pain
             ... invoked by Grinder
              (14 damage)
             ... on level 5 of the Dungeon.
             The game lasted 00:06:27 (4015 turns).

inc the Skirmisher (Merfolk Transmuter)             Turns: 4015, Time: 00:06:27

Health: -8/55      AC:  6    Str: 10    XL:     6   Next: 44%
Magic:  18/18      EV: 11    Int: 15    God:
Gold:   196        SH:  0    Dex: 14    Spells: 8/9 levels left

rFire    . . .     SeeInvis +     - Unarmed
rCold    . . .     Gourm    .   (no shield)
rNeg     . . .     Faith    .   p - +0 ring mail
rPois    .         Spirit   .   (no helmet)
rElec    .         Reflect  .   (no cloak)
rCorr    .         Harm     .   l - +0 pair of gloves
MR       .....                  (no boots)
Stlth    +.........             (no amulet)
HPRegen  0.18/turn              k - ring of magical power
MPRegen  0.16/turn              e - ring of see invisible

@: berserk cooldown
A: change form in water, swift swim, stealthy swim
a: no special abilities


You were on level 5 of the Dungeon.
You were very hungry.

You visited 1 branch of the dungeon, and saw 5 of its levels.

You collected 196 gold pieces.

Inventory:

Missiles
 a - 33 arrows
Armour
 b - a +0 robe
 l - a +0 pair of gloves (worn)
 o - the -4 helmet of Kopegobe {Int+7 Dex-4}
   (You found it on level 4 of the Dungeon)

   It affects your intelligence (+7).
   It affects your dexterity (-4).
 p - a +0 ring mail (worn)
Jewellery
 e - a ring of see invisible (right hand)
 i - an uncursed ring of flight
 k - a ring of magical power (left hand)
Scrolls
 j - 2 scrolls of teleportation
 q - a scroll of random uselessness
 r - a scroll of identify
 s - a scroll of magic mapping {unknown}
Potions
 f - a potion of flight
 g - a potion of might {unknown}
 m - a potion of brilliance
 u - a potion of mutation {unknown}
 w - 3 potions of agility {unknown}
Books
 c - a book of Changes

   Spells                             Type                      Level
   a - Beastly Appendage              Transmutation                1
   b - Sticks to Snakes               Transmutation                2
   c - Spider Form                    Transmutation/Poison         3
   d - Ice Form                       Ice/Transmutation            4
   e - Blade Hands                    Transmutation                5
Comestibles
 d - 6 rations


   Skills:
 + Level 7.0 Fighting
 - Level 2.6 Dodging
 - Level 3.2 Unarmed Combat
 - Level 2.0 Spellcasting
 - Level 2.6 Transmutations


You had 8 spell levels left.
You knew the following spells:

 Your Spells              Type           Power        Failure   Level  Hunger
a - Beastly Appendage     Tmut           #.....       19%         1    #......


Dungeon Overview and Level Annotations

Branches:
Dungeon (5/15)
 Temple: D:4-7

Altars:
Fedhas
Hepliaklqana
Sif Muna
Zin

Annotations:
D:3 Sigmund
D:5 Grinder


Message History

* * * LOW HITPOINT WARNING * * *
Things that are here:
a flail; a halberd; a gnoll corpse Unknown command.
Grinder hits you.
* * * LOW HITPOINT WARNING * * *
You writhe in agony.
* * * LOW HITPOINT WARNING * * *
Unknown command.
You feel better.
You feel yourself speed up. Grinder hits you.
* * * LOW HITPOINT WARNING * * *
Grinder hits you.
* * * LOW HITPOINT WARNING * * *
You writhe in agony.
* * * LOW HITPOINT WARNING * * *
Grinder gestures at you. Pain shoots through your body!
You die...

#..# ##.# #.##
##(# ###))#######
###$.........#
#.%....5.....#
..............#
........(@....#
.............##
.................
.................
.................
................
................
...............


You could see Grinder.

Vanquished Creatures
  A gnoll shaman (D:5)
  3 hounds
  2 orc wizards (D:4)
  Robin (D:3)
  3 gnolls (D:5)
  2 adders
  2 worms (D:4)
  3 dart slugs
  3 leopard geckos
  2 orcs
  4 giant cockroaches
  13 goblins
  6 hobgoblins
  2 jackals (D:3)
  3 quokkas
  A ball python (D:4)
  3 bats
  5 frilled lizards
  8 kobolds
  A leopard gecko skeleton (D:5)
  5 rats
73 creatures vanquished.

Notes
Turn   | Place    | Note
-------+----------+-------------------------------------------
     0 | D:1      | inc the Merfolk Transmuter began the quest for the Orb.
     0 | D:1      | Reached XP level 1. HP: 15/15 MP: 3/3
   438 | D:1      | Reached skill level 2 in Fighting
   460 | D:1      | Reached XP level 2. HP: 9/22 MP: 5/5
  1248 | D:2      | Reached skill level 3 in Fighting
  1505 | D:2      | Reached XP level 3. HP: 29/29 MP: 6/6
  2044 | D:3      | Found a hazy altar of Hepliaklqana.
  2107 | D:3      | Reached skill level 4 in Fighting
  2107 | D:3      | Reached XP level 4. HP: 30/38 MP: 7/7
  2456 | D:3      | Noticed Robin
  2478 | D:3      | Killed Robin
  2523 | D:3      | Noticed Sigmund
  2613 | D:3      | Reached skill level 5 in Fighting
  2761 | D:4      | Reached XP level 5. HP: 38/44 MP: 8/8
  2912 | D:4      | Got a distressingly furry helmet
  2961 | D:4      | Identified the cursed -4 helmet of Kopegobe {Int+7 Dex-4} (You found it on level 4 of the Dungeon)
  3307 | D:4      | Reached skill level 6 in Fighting
  3683 | D:4      | Found a faded altar of an unknown god.
  3683 | D:4      | Found a glowing silver altar of Zin.
  3688 | D:4      | Found a deep blue altar of Sif Muna.
  3690 | D:4      | Found a blossoming altar of Fedhas.
  3692 | D:4      | Found a faded altar of an unknown god.
  3912 | D:4      | Reached XP level 6. HP: 42/53 MP: 9/9
  3949 | D:5      | Entered Level 5 of the Dungeon
  3969 | D:5      | Noticed Grinder
  3990 | D:5      | Paralysed by Grinder for 6 turns
  4001 | D:5      | Reached skill level 7 in Fighting
  4002 | D:5      | HP: 2/55 [Grinder/nerve-wracking pain (14)]
  4004 | D:5      | Paralysed by Grinder for 2 turns
  4015 | D:5      | Killed from afar by Grinder

Skill      XL: |  1  2  3  4  5  6 |
---------------+-------------------+-----
Fighting       | 2 3 4 5 6 7 |  7.0
Dodging        | |  2.6
Unarmed Combat | |  3.2
Spellcasting   | |  2.0
Transmutations | |  2.6

Action                   |  1- 3 |  4- 6 || total
-------------------------+-------+-------++-------
Melee: Unarmed           |   149 |   232 ||   381
       Punch             |     1 |     2 ||     3
       Headbutt          |       |    19 ||    19
       Tailslap          |       |     1 ||     1
 Cast: Beastly Appendage |     1 |    10 ||    11
  Use: Scroll            |       |    14 ||    14
       Potion            |       |     5 ||     5
 Stab: Sleeping          |     4 |       ||     4
  Eat: Chunk             |     3 |     6 ||     9
Armor: Robe              |    34 |       ||    34
       Ring mail         |    13 |    67 ||    80
Dodge: Dodged            |    98 |   128 ||   226
